 Dungeon Crawl Stone Soup version 0.20.1-1-g8b1a95d (webtiles) character file.

3444 Jazqa the Covert (level 9, 0/48 HPs)
             Began as a Spriggan Assassin on Oct 30, 2017.
             Was a Believer of Okawaru.
             Killed from afar by an orc wizard (8 damage)
             ... with a puff of flame
             ... on level 9 of the Dungeon.
             The game lasted 00:16:26 (8081 turns).

Jazqa the Covert (Spriggan Assassin)                Turns: 8081, Time: 00:16:28

Health: 0/48       AC:  4    Str:  7    XL:     9   Next: 77%
Magic:  12/12      EV: 17    Int: 12    God:    Okawaru [**....]
Gold:   294        SH:  0    Dex: 21    Spells: 8/8 levels left

rFire    . . .     SeeInvis +   a - +2 dagger (venom)
rCold    . . .     Gourm    .   (shield restricted)
rNeg     . . .     Faith    .   c - +0 robe
rPois    .         Spirit   .   (helmet restricted)
rElec    .         Reflect  .   d - +1 cloak
rCorr    .         Harm     .   (gloves unavailable)
MR       +....                  (boots unavailable)
Stlth    ++........             g - amulet of regeneration
Regen    0.6/turn               (no ring)
MPRegen  0.2/turn               (no ring)

@: confused, lethally poisoned (0 -> -3), very quick
A: unfitting armour, see invisible, herbivore 3, speed 3, slow metabolism 2
a: Heroism, Renounce Religion


You were on level 9 of the Dungeon.
You worshipped Okawaru.
Okawaru was pleased with you.
You were full.

You visited 2 branches of the dungeon, and saw 10 of its levels.
You also visited: Sewer.

You collected 294 gold pieces.


Innate Abilities, Weirdness & Mutations

You are very small and have problems with some larger weapons.
You are too small for most types of armour.
You have supernaturally acute eyesight. (SInv)
You are a herbivore.
You cover ground extremely quickly.
You need consume almost no food.


   Skills:
 + Level 6.1 Fighting
 + Level 8.2 Short Blades
 + Level 4.2 Throwing
 - Level 1.5 Dodging
 + Level 12.5 Stealth
 + Level 3.9 Invocations
 + Level 2.7 Evocations


You had 8 spell levels left.
You didn't know any spells.

Inventory:

Hand Weapons
 a - a +2 dagger of venom (weapon)
 b - a +0 blowgun {@w1}
Missiles
 e - 28 poisoned needles
 f - 2 curare-tipped needles {=f}
 j - a throwing net (quivered) {=f}
Armour
 c - a +0 robe (worn)
 d - a +1 cloak (worn)
 w - a +2 cloak
 y - a cursed -2 robe
Jewellery
 g - an amulet of regeneration (around neck)
 C - an uncursed ring of ice
Wands
 s - a wand of iceblast (8/15)
 u - a wand of confusion (15/48)
 D - a wand of digging (10/24)
Scrolls
 m - 6 scrolls of identify {@r1}
 r - 3 scrolls of teleportation {@r4}
 t - 2 scrolls of remove curse {@r2}
 v - a scroll of enchant armour
 x - 2 scrolls of magic mapping
 z - 2 scrolls of amnesia
Potions
 i - 2 potions of curing {unknown}
 l - a potion of lignification {!q}
 n - 2 potions of haste {@q3}
 p - 3 potions of flight
 E - a potion of heal wounds {unknown}
Comestibles
 h - 7 bread rations {@e1}

Dungeon Overview and Level Annotations

Branches:
Dungeon (9/15)             Temple (1/1) D:7
   Lair: D:8-11         Orc: D:9-12

Altars:
Ashenzari
Cheibriados
Dithmenos
Elyvilon
Fedhas
Gozag
Hepliaklqana
Makhleb
Okawaru
Qazlal
Ru
Sif Muna
Trog
Uskayaw
Vehumet
Xom
Yredelemnul
Zin
The Shining One

Annotations:
D:5 2 transporters

##.####..
##........
#........
#......# .
▒o..o..#..
........#
▒.o...#
▒@..o.#
▒y.)...#
▒.###..#
▒.. ...
.## # . .
..


You could see a killer bee, an orc wizard and 3 orcs.


Message History

The killer bee stings you.
* * * LOW HITPOINT WARNING * * *
Unknown command.
You feel sick. The killer bee stings you.
* * * LOW HITPOINT WARNING * * *
Unknown command.
You feel sick.
You feel sick. The killer bee misses you.
There is a stone staircase leading down here.
You feel sick. The killer bee misses you. The killer bee stings you!
* * * LOW HITPOINT WARNING * * *
You are more poisoned.
The killer bee poisons you!
You climb downwards. 3 orcs and an orc wizard come into view.
You feel sick.
Found a morningstar.
There is a stone staircase leading up here.
Unknown command.
Unknown command.
Unknown command.
You are confused.
You feel invigorated.
You feel sick.
The orc wizard shouts!
The orc shouts! x2
The killer bee completely misses you. The killer bee stings you.
* * * LOW HITPOINT WARNING * * *
The orc wizard gestures at you while chanting.
The puff of flame hits you!
You die...

Skill      XL: |  1  2  3  4  5  6  7  8  9 |
---------------+----------------------------+-----
Stealth        | 6 7 8 9 10 11 12 | 12.5
Fighting       | 2 3 4 5 6 |  6.1
Short Blades   | 3 4 6 7 8 |  8.2
Evocations     | 1 2 |  2.7
Invocations    | 2 3 |  3.9
Throwing       | 4 |  4.2
Dodging        | |  1.5

Action                   |  1- 3 |  4- 6 |  7- 9 || total
-------------------------+-------+-------+-------++-------
Melee: Dagger            |   129 |   233 |   398 ||   760
 Fire: Blowgun           |     5 |     8 |    30 ||    43
Throw: Throwing net      |       |     1 |       ||     1
Invok: Heroism           |       |       |     1 ||     1
Evoke: Wand              |       |       |    22 ||    22
  Use: Scroll            |     9 |     2 |     4 ||    15
       Potion            |       |     1 |     2 ||     3
 Stab: Sleeping          |    13 |    22 |    24 ||    59
       Distracted        |     1 |     1 |     4 ||     6
  Eat: Royal jelly       |       |       |     2 ||     2
       Bread ration      |       |       |     1 ||     1
Armor: Robe              |     9 |    30 |    24 ||    63
Dodge: Dodged            |    90 |   213 |   193 ||   496

Vault maps used:
D:1:      onia_arrival_mini_spirals, serial_forest, infiniplex_forest_lined_2,
          infiniplex_forest_lined_ring, infiniplex_forest_clump_small,
          infiniplex_forest_end_2, infiniplex_forest_corner_1
D:2:      lemuel_round_altar, first_bread
D:3:      elyvilon_altar_5
D:4:      cheibrodos_sewer_entry_sluice
D:5:      gammafunk_wand_slinger, kennysheep_mini_moat
D:7:      nicolae_overflow_crystal_walls, nicolae_qazlal_eye_of_the_storm,
          lemuel_mausoleum_altar_yredelemnul, minmay_temple_entry_purple_smoke,
          the_bakery, bloody_trog
D:8:      cheibrodos_fzero, grunt_dithmenos_shadows, kennysheep_mini,
          chei_slow_surprise
D:9:      gammafunk_temple_overflow_wave, dpeg_lair_monsters, erik_orc_4,
          serial_shops, nicolae_shop_behind_doors, shop, st_stairs_9
Temple:   minmay_temple_bridge_abc
Sewer:    sewer_frog_island_02

Notes
Turn   | Place    | Note
-------+----------+-------------------------------------------
     0 | D:1      | Jazqa the Spriggan Assassin began the quest for the Orb.
     0 | D:1      | Reached XP level 1. HP: 10/10 MP: 2/2
   135 | D:1      | Reached skill level 6 in Stealth
   338 | D:1      | Reached XP level 2. HP: 14/15 MP: 3/3
   816 | D:1      | Reached skill level 2 in Fighting
   943 | D:2      | Found a glowing golden altar of the Shining One.
  1101 | D:2      | Reached XP level 3. HP: 18/18 MP: 4/4
  1633 | D:2      | Reached skill level 7 in Stealth
  1914 | D:3      | Reached XP level 4. HP: 23/23 MP: 5/5
  2078 | D:3      | Reached skill level 3 in Short Blades
  2149 | D:3      | Reached XP level 5. HP: 28/28 MP: 6/6
  2151 | D:3      | Found a white marble altar of Elyvilon.
  2276 | D:3      | Reached skill level 3 in Fighting
  2656 | D:4      | Found a glowing drain.
  2688 | Sewer    | Entered a sewer
  2748 | Sewer    | Reached skill level 8 in Stealth
  3123 | Sewer    | Reached XP level 6. HP: 30/32 MP: 7/7
  3205 | Sewer    | Reached skill level 4 in Short Blades
  3477 | D:4      | Reached skill level 9 in Stealth
  3588 | D:4      | Reached skill level 1 in Evocations
  4013 | D:5      | Entered Level 5 of the Dungeon
  4039 | D:5      | Reached skill level 4 in Fighting
  4039 | D:5      | Reached XP level 7. HP: 37/37 MP: 8/8
  4204 | D:5      | Reached skill level 5 in Short Blades
  4338 | D:5      | Found a glowing silver altar of Zin.
  4451 | D:5      | Got a steaming ruby amulet
  4471 | D:5      | Found a transporter.
  4479 | D:5      | Identified the amulet "Ycul" {Harm *Drain rN+} (You found it on level 5 of the Dungeon)
  4502 | D:5      | Found a transporter.
  4745 | D:6      | Reached skill level 10 in Stealth
  5047 | D:6      | Reached skill level 6 in Short Blades
  5047 | D:6      | Reached XP level 8. HP: 42/42 MP: 9/9
  5378 | D:6      | Reached skill level 5 in Fighting
  5589 | D:7      | Found a bloodstained altar of Trog.
  5651 | D:7      | Found a staircase to the Ecumenical Temple.
  5762 | D:7      | Found a stormy altar of Qazlal.
  5795 | D:7      | Reached skill level 11 in Stealth
  5814 | D:7      | HP: 4/43 [killer bee (7)]
  5924 | Temple   | Entered the Ecumenical Temple
  6017 | Temple   | Became a worshipper of Warmaster Okawaru
  6103 | D:7      | Reached skill level 7 in Short Blades
  6107 | D:7      | Found a hazy altar of Hepliaklqana.
  6181 | D:7      | Reached skill level 1 in Invocations
  6520 | D:7      | Reached skill level 2 in Invocations
  6806 | D:7      | Reached * piety under Okawaru
  6806 | D:7      | Reached XP level 9. HP: 47/47 MP: 11/11
  6867 | D:7      | Found a basalt altar of Yredelemnul.
  6920 | D:7      | Reached skill level 3 in Throwing
  7170 | D:7      | Reached skill level 12 in Stealth
  7170 | D:7      | Reached skill level 3 in Invocations
  7653 | D:8      | Reached ** piety under Okawaru
  7689 | D:8      | Found a snail-covered altar of Cheibriados.
  7845 | D:8      | Found a shadowy altar of Dithmenos.
  7849 | D:8      | Reached skill level 6 in Fighting
  7849 | D:8      | Reached skill level 8 in Short Blades
  7849 | D:8      | Reached skill level 2 in Evocations
  7871 | D:8      | Reached skill level 4 in Throwing
  8081 | D:9      | Killed from afar by an orc wizard

Vanquished Creatures
  A hippogriff (D:8)
  A spriggan (D:7)
  2 wraiths (D:7)
  A hungry ghost (D:7)
  A soldier ant (D:8)
  A black bear (D:6)
  A sky beast (D:6)
  2 necrophages
  3 phantoms
  3 ogres
  3 bullfrogs
  2 scorpions
  5 killer bees (D:7)
  A crimson imp (D:4)
  A bullfrog zombie (D:5)
  A quasit (D:6)
  3 human zombies (D:7)
  A bullfrog skeleton (D:7)
  2 hounds
  3 orc priests
  2 human skeletons (D:7)
  5 orc wizards
  7 worker ants
  A hound zombie (D:5)
  4 mummies
  12 adders
  4 gnolls (D:8)
  A river rat (D:4)
  3 shadow imps
  12 oozes
  2 adder skeletons (D:5)
  5 worms
  2 dart slugs (D:3)
  10 leopard geckos
  26 orcs
  8 ball pythons
  9 giant cockroaches
  8 goblins
  9 hobgoblins
  3 jackals (D:2)
  2 quokkas (D:7)
  6 bats
  11 frilled lizards
  9 kobolds
  A leopard gecko skeleton (D:6)
  8 rats
208 creatures vanquished.
